 Dungeon Crawl Stone Soup version 0.18.1-50-g88ac8fd (webtiles) character file.

3500 magog001 the Blocker (level 9, -6/78 HPs)
             Began as a Minotaur Fighter on May 22, 2018.
             Was a Follower of Nemelex Xobeh.
             Killed by the air
             ... invoked by Gastronok
              (29 damage)
             ... on level 1 of the Lair of Beasts.
             The game lasted 00:46:05 (7599 turns).

magog001 the Blocker (Minotaur Fighter)             Turns: 7599, Time: 00:46:11

Health: -6/78      AC: 18    Str: 22 (23) XL:     9   Next: 80%
Magic:  9/9        EV:  9    Int: 17      God:    Nemelex Xobeh [*.....]
Gold:   315        SH: 13    Dex: 11      Spells: 1 memorised, 9 levels left

rFire  + . .     SeeInvis +     y - +10 mace of Berih {flame, MR+ Int+3 SInv Stlth+}
rCold  . . .     Gourm    .     e - +1 chain mail
rNeg   . . .     Faith    .     c - +1 shield
rPois  .         Spirit   .     (helmet restricted)
rElec  .         Dismiss  .     q - +1 cloak
rCorr  +         Reflect  .     b - +2 pair of gloves of the Flute {*Drain rF+ Int+9}
SustAt .         Harm     .     (no boots)
MR     +....                    (no amulet)
Stlth  +.........               D - ring of resist corrosion
                                o - ring of stealth

@: somewhat resistant to hostile enchantments, very unstealthy
A: retaliatory headbutt, claws 1, horns 2, deterioration 1
a: Renounce Religion


You were on level 1 of the Lair of Beasts.
You worshipped Nemelex Xobeh.
Nemelex Xobeh was aware of your devotion.
You were not hungry.

You visited 3 branches of the dungeon, and saw 10 of its levels.

You collected 315 gold pieces.

Inventory:

Hand Weapons
 l - a +4 hunting sling
 y - the +10 mace of Berih (weapon) {flame, MR+ Int+3 SInv Stlth+}
   (You found it on level 4 of the Dungeon)

   It has been specially enchanted to burn those struck by it, causing extra
   injury to most foes and up to half again as much damage against particularly
   susceptible opponents.
   It affects your intelligence (+3).
   It affects your resistance to hostile enchantments.
   It lets you see invisible.
   It makes you more stealthy.
Missiles
 h - 16 tomahawks (quivered)
 t - 47 poisoned needles
 G - 6 javelins
 N - 8 needles of paralysis
Armour
 b - the +2 pair of gloves of the Flute (worn) {*Drain rF+ Int+9}
   (You acquired it on level 5 of the Dungeon)

   It affects your intelligence (+9).
   It protects you from fire.
   It causes draining when unequipped.
 c - a +1 shield (worn)
 e - a +1 chain mail (worn)
 q - a +1 cloak (worn)
Jewellery
 o - a ring of stealth (left hand)
 D - a ring of resist corrosion (right hand)
Wands
 g - a wand of digging (7/24)
 B - a wand of lightning (4/15)
 F - a wand of polymorph (14/24)
Scrolls
 j - 5 scrolls of teleportation
 p - 3 scrolls of amnesia
 r - 3 scrolls of remove curse
 u - a scroll of fear
 z - 5 scrolls of identify
Potions
 d - 3 potions of might
 i - a potion of haste {unknown}
 k - a potion of flight {unknown}
 n - a potion of agility {unknown}
 s - 2 potions of beneficial mutation {unknown}
 A - a potion of degeneration {unknown}
 C - 2 potions of resistance
 E - 2 potions of cancellation {unknown}
 I - 2 potions of invisibility
 L - a potion of cure mutation
 M - a potion of curing {unknown}
Books
 J - a book of Party Tricks

   Spells                             Type                      Level
   a - Summon Butterflies             Summoning                    1
   b - Apportation                    Translocation                1
   c - Tukima's Dance                 Hexes                        3
   d - Alistair's Intoxication        Transmutation/Poison         5
   e - Invisibility                   Hexes                        6
Miscellaneous
 a - an ornate deck of war
 v - a plain deck of escape
 x - a plain deck of war
Comestibles
 f - 7 bread rations
 m - a meat ration
 w - 4 fruits
 H - 6 beef jerkies
 K - 5 chunks of flesh


   Skills:
 + Level 6.4 Fighting
   Level 3.9(5.7) Axes
 * Level 6.4(7.0) Maces & Flails
 * Level 9.3 Armour
 + Level 4.4 Dodging
 + Level 1.0 Stealth
 * Level 9.9 Shields
 * Level 1.1 Spellcasting
 * Level 0.9 Translocations
 + Level 0.6 Evocations


You had 9 spell levels left.
You knew the following spells:

 Your Spells              Type           Power        Failure   Level  Hunger
a - Apportation           Tloc           #.........   99%         1    ##.....


Dungeon Overview and Level Annotations

Branches:
Dungeon (8/15)             Temple (1/1) D:4            Lair (1/8) D:8

Altars:
Ashenzari
Cheibriados
Dithmenos
Elyvilon
Fedhas
Gozag
Kikubaaqudgha
Makhleb
Nemelex Xobeh
Okawaru
Pakellas
Qazlal
Ru
Sif Muna
Trog
Vehumet
Xom
Yredelemnul
Zin
The Shining One

Annotations:
Lair:1 Gastronok


Innate Abilities, Weirdness & Mutations

You reflexively headbutt those who attack you in melee.
You have a pair of horns on your head.
You have sharp fingernails.
Your body sometimes deteriorates upon taking damage.


Message History

You hit Gastronok. You burn Gastronok. Your headbutt misses Gastronok.
Gastronok is heavily wounded.
Gastronok bubbles merrily.
You hit Gastronok. You burn Gastronok.
You headbutt Gastronok, but do no damage.
Gastronok is heavily wounded.
You hit Gastronok. You burn Gastronok.
Gastronok is heavily wounded.
Gastronok bites you!
* * * LOW HITPOINT WARNING * * *
Your body deteriorates!
You feel weakened.
You sock Gastronok! You burn Gastronok.
Gastronok is severely wounded.
You thump Gastronok! You burn Gastronok. You headbutt Gastronok.
Gastronok is severely wounded.
Gastronok gurgles, "I bet you'll be tasty."
Gastronok waves his eye-stalks in wide circles.
The air twists around and strikes you!
You die...
Your body disappears without a glow.

.. #.. .... #...#
##...# ## ### ###
....#
.###P###.########w...#
................@..#
..................##
..................#
............รท.....#
############......#
#.......# #...#....#
#...##....# #....
.....#


You could see Gastronok.

Vanquished Creatures
  A spiny frog (Lair:1)
  A centaur skeleton (D:6)
  The ghost of magog001 the Covered, an amateur MiFi (D:3)
  Sigmund (D:4)
  Duvessa (D:6)
  4 ice beasts
  A necrophage (D:5)
  3 ogres
  A crocodile (Lair:1)
  2 giant frogs (D:7)
  Dowan (D:6)
  A howler monkey (D:5)
  3 wights (D:7)
  A crimson imp (D:5)
  8 hounds
  A jelly (D:6)
  6 orc priests
  5 orc wizards
  Crazy Yiuf (D:7)
  2 giant frog skeletons
  8 worker ants
  2 hound zombies
  A hound skeleton (D:4)
  Robin (D:4)
  2 worker ant zombies (D:7)
  A howler monkey skeleton (D:5)
  5 gnolls (D:4)
  13 adders
  2 shadow imps
  3 oozes
  An adder skeleton (D:4)
  A worm (D:4)
  4 giant geckos
  19 orcs
  4 ball pythons
  4 giant cockroaches
  19 goblins
  12 hobgoblins
  19 jackals
  3 quokkas (D:2)
  5 bats
  5 giant newts
  10 kobolds
  7 rats
  A fungus (D:8)
197 creatures vanquished.

Notes
Turn   | Place    | Note
--------------------------------------------------------------
     0 | D:1      | magog001 the Minotaur Fighter began the quest for the Orb.
     0 | D:1      | Reached XP level 1. HP: 19/19 MP: 0/0
    50 | D:1      | Reached XP level 2. HP: 26/27 MP: 1/1
   576 | D:1      | Reached XP level 3. HP: 33/33 MP: 2/2
  1003 | D:2      | Reached XP level 4. HP: 38/40 MP: 3/3
  1505 | D:2      | Reached skill level 1 in Dodging
  1591 | D:2      | Found an iron altar of Okawaru.
  1591 | D:2      | Found a snail-covered altar of Cheibriados.
  1931 | D:2      | Reached XP level 5. HP: 42/46 MP: 4/4
  2130 | D:2      | Gained mutation: You are dopey. (Int -2) [potion of mutation]
  2130 | D:2      | Gained mutation: You occasionally shout uncontrollably at your foes. [potion of mutation]
  2130 | D:2      | Gained mutation: You have sharp fingernails. [potion of mutation]
  2131 | D:2      | Lost mutation: You are dopey. (Int -2) [potion of mutation]
  2131 | D:2      | Gained mutation: Scrolls take you a little longer to read. [potion of mutation]
  2131 | D:2      | Gained mutation: Your mind is acute. (Int +2) [potion of mutation]
  2188 | D:3      | Found a shimmering altar of Xom.
  2216 | D:3      | Reached skill level 5 in Shields
  2263 | D:3      | Noticed magog001's ghost (amateur MiFi)
  2539 | D:3      | Lost mutation: You occasionally shout uncontrollably at your foes. [potion of cure mutation]
  2539 | D:3      | Lost mutation: Scrolls take you a little longer to read. [potion of cure mutation]
  2539 | D:3      | Lost mutation: Your mind is acute. (Int +2) [potion of cure mutation]
  2678 | D:3      | Noticed an ogre
  2860 | D:3      | Found a sacrificial altar of Ru.
  2988 | D:3      | Reached skill level 5 in Armour
  3192 | D:3      | Found a white marble altar of Elyvilon.
  3459 | D:4      | Got a faintly glowing mace
  3460 | D:4      | Identified the +10 mace of Berih {flame, MR+ Int+3 SInv Stlth+} (You found it on level 4 of the Dungeon)
  3476 | D:4      | Reached XP level 6. HP: 53/53 MP: 5/5
  3608 | D:4      | Found a staircase to the Ecumenical Temple.
  3613 | Temple   | Entered the Ecumenical Temple
  3617 | Temple   | Became a worshipper of Nemelex Xobeh the Trickster
  3632 | D:4      | Received a gift from Nemelex Xobeh
  3650 | D:4      | Noticed Sigmund
  3656 | D:4      | Killed Sigmund
  3656 | D:4      | Reached skill level 1 in Maces & Flails
  3766 | D:4      | Reached XP level 7. HP: 56/60 MP: 6/6
  3780 | D:4      | Noticed Robin
  3788 | D:4      | Found a glowing golden altar of the Shining One.
  3790 | D:4      | Killed Robin
  3871 | D:4      | Reached skill level 5 in Fighting
  4131 | D:3      | Killed magog001's ghost
  4199 | D:5      | Entered Level 5 of the Dungeon
  4213 | D:5      | Reached XP level 8. HP: 68/68 MP: 7/7
  4613 | D:5      | Found an oddly glowing altar of Pakellas.
  5014 | D:5      | Reached * piety under Nemelex Xobeh
  5014 | D:5      | Received a gift from Nemelex Xobeh
  5540 | D:6      | Reached XP level 9. HP: 72/75 MP: 8/8
  5572 | D:6      | Reached skill level 5 in Maces & Flails
  5603 | D:6      | Found a radiant altar of Vehumet.
  6005 | D:6      | Noticed Dowan
  6006 | D:6      | Noticed Duvessa
  6019 | D:6      | Killed Duvessa
  6023 | D:6      | Killed Dowan
  6568 | D:5      | Identified a scroll of acquirement
  6569 | D:5      | Got a pair of crude gloves
  6575 | D:5      | Identified the +2 pair of gloves of the Flute {*Drain rF+ Int+9} (You acquired it on level 5 of the Dungeon)
  6737 | D:7      | Found a bloodstained altar of Trog.
  6851 | D:7      | Received a gift from Nemelex Xobeh
  6851 | D:7      | Found an oddly glowing altar of Pakellas.
  7144 | D:7      | Noticed Crazy Yiuf
  7150 | D:7      | Killed Crazy Yiuf
  7224 | D:6      | Learned a level 1 spell: Apportation
  7319 | D:8      | Reached skill level 1 in Stealth
  7351 | D:8      | Gained mutation: Your body sometimes deteriorates upon taking damage. [mutagenic glow]
  7492 | D:8      | Found a staircase to the Lair.
  7505 | Lair:1   | Entered Level 1 of the Lair of Beasts
  7517 | Lair:1   | Noticed a spiny frog
  7522 | Lair:1   | Killed a spiny frog
  7522 | Lair:1   | Reached skill level 1 in Spellcasting
  7581 | Lair:1   | Noticed Gastronok
  7599 | Lair:1   | Killed from afar by Gastronok

Skill      XL: |  1  2  3  4  5  6  7  8  9 |
---------------+----------------------------+-----
Armour         | 4 5 7 8 9 |  9.3
Shields        | 4 5 6 7 8 9 |  9.9
Fighting       | 4 5 6 |  6.4
Axes           | 3 |  3.9
Dodging        | 1 2 3 4 |  4.4
Maces & Flails | 1 3 4 6 |  6.4
Stealth        | 1 |  1.0
Spellcasting   | 1 |  1.1
Translocations | |  0.9
Evocations     | |  0.6

Action                   |  1- 3 |  4- 6 |  7- 9 || total
-------------------------+-------+-------+-------++-------
Melee: War axe           |    93 |   144 |       ||   237
       Headbutt          |     9 |    25 |    32 ||    66
       Mace              |       |    21 |   231 ||   252
       Hunting sling     |       |     1 |       ||     1
Evoke: Wand              |       |     1 |     4 ||     5
  Use: Scroll            |       |     5 |     8 ||    13
       Potion            |       |     5 |       ||     5
  Eat: Chunk             |       |     5 |     2 ||     7
       Meat ration       |       |     1 |     2 ||     3
       Pizza             |       |       |     1 ||     1
Armor: Scale mail        |    57 |    72 |    50 ||   179
       Chain mail        |       |       |    27 ||    27
Dodge: Dodged            |    33 |    71 |    60 ||   164
Block: Shield            |    54 |   105 |   144 ||   303
